| TOP OF THE 1ST |
|
Greensboro Grasshoppers batting - Pitching for Fort Wayne TinCaps : RHP Josh Thorne
|
|
Pitching: RHP Josh Thorne
|
|
|
Batting: RHB Harrie de Kam
|
0-0: Called Strike 0-1: Ball 1-1: Foul Ball, location: 2F 1-2: Ball 2-2: DOUBLE (Groundball, 5L, EV 101.2 MPH)
|
|
Batting: RHB Rafael Irizarry
|
0-0: Called Strike 0-1: Swinging Strike 0-2: Ball 1-2: Foul Ball, location: 2F 1-2: Strikes out swinging
|
|
Batting: RHB Nate Crofts
|
0-0: Ball 1-0: Called Strike 1-1: Called Strike 1-2: Foul Ball, location: 2F 1-2: Foul Ball, location: 2F 1-2: Ball 2-2: DOUBLE (Line Drive, 7LM, EV 115.0 MPH) Harrie de Kam scores
|
|
Batting: LHB Ryan Thompson
|
0-0: Ball 1-0: Fly out, F8 (Flyball, 78D, EV 100.0 MPH)
|
|
Batting: RHB Larry LeFever
|
0-0: DOUBLE (Line Drive, 9LS, EV 104.4 MPH) Nate Crofts scores
|
|
Batting: LHB Justin Blakely
|
0-0: Swinging Strike 0-1: Ground out U3 (Groundball, 3, EV 83.1 MPH)
|
| Top of the 1st over - 2 runs, 3 hits, 0 errors, 1 left on base; Greensboro 2 - Fort Wayne 0 |
| BOTTOM OF THE 1ST |
|
Fort Wayne TinCaps batting - Pitching for Greensboro Grasshoppers : RHP Pat Proctor
|
|
Pitching: RHP Pat Proctor
|
|
|
Batting: SHB Detlef Oursler
|
0-0: Called Strike 0-1: Foul Ball, location: 2F 0-2: Ball 1-2: Foul Ball, location: 2F 1-2: Fly out, F8 (Flyball, 8LM, EV 90.6 MPH)
|
|
Batting: LHB Tony Contreras
|
0-0: Ball 1-0: Ball 2-0: Called Strike 2-1: DOUBLE (Line Drive, 78XD, EV 108.1 MPH)
|
|
Batting: RHB Dave Cordero
|
0-0: Ball 1-0: Foul Ball, location: 2F 1-1: Swinging Strike 1-2: Foul Ball, location: 2F 1-2: Foul Ball, location: 2F 1-2: SINGLE (Line Drive, 9LM, EV 97.5 MPH) Tony Contreras to third
|
|
Batting: LHB Sean Trueblood
|
0-0: Foul Ball, location: 2F 0-1: Ball 1-1: Called Strike 1-2: Ball 2-2: Foul Ball, location: 2F 2-2: Foul Ball, location: 2F 2-2: Ball 3-2: SINGLE (Groundball, 5D, EV 100.0 MPH) Tony Contreras scores Dave Cordero to second
|
|
Batting: SHB Cesar Arteaga
|
0-0: Ball 1-0: Ball 2-0: Foul Ball, location: 2F 2-1: Ball 3-1: Base on Balls Dave Cordero to third Sean Trueblood to second
|
|
Batting: RHB Adrian Cook
|
0-0: Swinging Strike 0-1: Ball 1-1: Ball 2-1: Ball 3-1: Base on Balls Dave Cordero scores Sean Trueblood to third Cesar Arteaga to second
|
|
Batting: LHB Ryan Anderson
|
0-0: Ball 1-0: Grounds into double play, 5-4-3 (Groundball, 56, EV 89.4 MPH)
|
| Bottom of the 1st over - 2 runs, 3 hits, 0 errors, 2 left on base; Greensboro 2 - Fort Wayne 2 |
| TOP OF THE 2ND |
|
Greensboro Grasshoppers batting - Pitching for Fort Wayne TinCaps : RHP Josh Thorne
|
|
Batting: RHB J.D. Vander Klok
|
0-0: Ball 1-0: Foul Ball, location: 2F 1-1: Foul Ball, location: 2F 1-2: Foul Ball, location: 2F 1-2: Ball 2-2: Strikes out looking
|
|
Batting: RHB Chris Alft
|
0-0: Swinging Strike 0-1: Ground out 5-3 (Groundball, 56, EV 76.9 MPH)
|
|
Batting: LHB Jose Cabello
|
0-0: Ball 1-0: Swinging Strike 1-1: Ball 2-1: Ball 3-1: SINGLE (Groundball, 6MD, EV 107.5 MPH)
|
|
Batting: RHB Harrie de Kam
|
0-0: Called Strike 0-1: Ball 1-1: Called Strike 1-2: SINGLE (Groundball, 34D, EV 97.5 MPH) Jose Cabello to second Runner from 2nd tries for 3rd, SAFE, throw by RF made to third Harrie de Kam to second
|
|
Batting: RHB Rafael Irizarry
|
0-0: Fly out, F8 (Flyball, 89S, EV 76.9 MPH)
|
| Top of the 2nd over - 0 runs, 2 hits, 0 errors, 2 left on base; Greensboro 2 - Fort Wayne 2 |
| BOTTOM OF THE 2ND |
|
Fort Wayne TinCaps batting - Pitching for Greensboro Grasshoppers : RHP Pat Proctor
|
|
Batting: RHB Danny Gallegos
|
0-0: Ball 1-0: Foul Ball, location: 2F 1-1: Ball 2-1: Reached on error, E6 (Groundball, 56, EV 83.1 MPH)
|
|
Batting: RHB Ricky Trejo
|
0-0: SINGLE (Groundball, 6S, EV 67.5 MPH) (infield hit) Danny Gallegos to second
|
|
Batting: SHB Detlef Oursler
|
0-0: Ball 1-0: Ball 2-0: Called Strike 2-1: Foul Ball, location: 2F 2-2: Foul Ball, location: 2F 2-2: Strikes out swinging
|
|
Batting: LHB Tony Contreras
|
0-0: Called Strike 0-1: Foul Ball, location: 2F 0-2: Strikes out swinging
|
|
Batting: RHB Dave Cordero
|
0-0: Swinging Strike 0-1: Called Strike 0-2: Strikes out swinging
|
| Bottom of the 2nd over - 0 runs, 1 hit, 1 error, 2 left on base; Greensboro 2 - Fort Wayne 2 |
| TOP OF THE 3RD |
|
Greensboro Grasshoppers batting - Pitching for Fort Wayne TinCaps : RHP Josh Thorne
|
|
Batting: RHB Nate Crofts
|
0-0: Called Strike 0-1: Ball 1-1: Called Strike 1-2: Foul Ball, location: 2F 1-2: Ball 2-2: Ball 3-2: Fly out, F4 (Flyball, 4D, EV 82.5 MPH)
|
|
Batting: LHB Ryan Thompson
|
0-0: Called Strike 0-1: Ball 1-1: Fly out, F7 (Flyball, 7D, EV 93.8 MPH)
|
|
Batting: RHB Larry LeFever
|
0-0: Swinging Strike 0-1: Ball 1-1: Ground out 6-3 (Groundball, 6, EV 98.1 MPH)
|
| Top of the 3rd over - 0 runs, 0 hits, 0 errors, 0 left on base; Greensboro 2 - Fort Wayne 2 |
| BOTTOM OF THE 3RD |
|
Fort Wayne TinCaps batting - Pitching for Greensboro Grasshoppers : RHP Pat Proctor
|
|
Batting: LHB Sean Trueblood
|
0-0: Ball 1-0: Called Strike 1-1: Ball 2-1: Fly out, F7 (Flyball, 7, EV 87.5 MPH)
|
|
Batting: SHB Cesar Arteaga
|
0-0: Swinging Strike 0-1: Ball 1-1: Foul Ball, location: 2F 1-2: Ball 2-2: Strikes out swinging
|
|
Batting: RHB Adrian Cook
|
0-0: Ball 1-0: Called Strike 1-1: Foul Ball, location: 2F 1-2: Foul Ball, location: 2F 1-2: Ground out 6-3 (Groundball, 56, EV 87.5 MPH)
|
| Bottom of the 3rd over - 0 runs, 0 hits, 0 errors, 0 left on base; Greensboro 2 - Fort Wayne 2 |
| TOP OF THE 4TH |
|
Greensboro Grasshoppers batting - Pitching for Fort Wayne TinCaps : RHP Josh Thorne
|
|
Batting: LHB Justin Blakely
|
0-0: Ball 1-0: Called Strike 1-1: Ball 2-1: Swinging Strike 2-2: Ball 3-2: Base on Balls
|
|
Batting: RHB J.D. Vander Klok
|
0-0: Foul Ball, location: 2F 0-1: Grounds into double play, 5-4-3 (Groundball, 5S, EV 86.9 MPH)
|
|
Batting: RHB Chris Alft
|
0-0: Called Strike 0-1: Ball 1-1: Ball 2-1: Called Strike 2-2: Strikes out swinging
|
| Top of the 4th over - 0 runs, 0 hits, 0 errors, 0 left on base; Greensboro 2 - Fort Wayne 2 |
| BOTTOM OF THE 4TH |
|
Fort Wayne TinCaps batting - Pitching for Greensboro Grasshoppers : RHP Pat Proctor
|
|
Batting: LHB Ryan Anderson
|
0-0: Ball 1-0: Called Strike 1-1: Swinging Strike 1-2: Foul Ball, location: 2F 1-2: Ball 2-2: Ground out 6-3 (Groundball, 6, EV 84.4 MPH)
|
|
Batting: RHB Danny Gallegos
|
0-0: Foul Ball, location: 2F 0-1: SOLO HOME RUN (Flyball, 7LD, EV 91.2 MPH), Distance : 347 ft
|
|
Batting: RHB Ricky Trejo
|
0-0: Called Strike 0-1: Ball 1-1: Foul Ball, location: 2F 1-2: SINGLE (Line Drive, 4MD, EV 94.4 MPH)
|
|
Batting: SHB Detlef Oursler
|
0-0: Ball Pickoff Play to 1st, Runner tries for 2nd, OUT after rundown. 1-0: Swinging Strike 1-1: Ball 2-1: Ground out 6-3 (Groundball, 6, EV 80.0 MPH)
|
| Bottom of the 4th over - 1 run, 2 hits, 0 errors, 0 left on base; Greensboro 2 - Fort Wayne 3 |
| TOP OF THE 5TH |
|
Greensboro Grasshoppers batting - Pitching for Fort Wayne TinCaps : RHP Josh Thorne
|
|
Batting: LHB Jose Cabello
|
0-0: Foul Ball, location: 2F 0-1: Called Strike 0-2: Foul Ball, location: 2F 0-2: Ball 1-2: Ball 2-2: Foul Ball, location: 2F 2-2: Foul Ball, location: 2F 2-2: SINGLE (Groundball, 25, EV 76.9 MPH) (infield hit)
|
|
Batting: RHB Harrie de Kam
|
0-0: Fly out, F7 (Line Drive, 7S, EV 86.9 MPH)
|
|
Batting: RHB Rafael Irizarry
|
0-0: Called Strike 0-1: Foul Ball, location: 2F 0-2: Ball 1-2: Strikes out swinging
|
|
Batting: RHB Nate Crofts
|
0-0: Called Strike 0-1: Ball Passed Ball! Jose Cabello to second 1-1: Foul Ball, location: 2F 1-2: Ball 2-2: Ground out 5-3 (Groundball, 56, EV 108.1 MPH)
|
| Top of the 5th over - 0 runs, 1 hit, 0 errors, 1 left on base; Greensboro 2 - Fort Wayne 3 |
| BOTTOM OF THE 5TH |
|
Fort Wayne TinCaps batting - Pitching for Greensboro Grasshoppers : RHP Pat Proctor
|
|
Batting: LHB Tony Contreras
|
0-0: Ball 1-0: Swinging Strike 1-1: Ball 2-1: Ground out 4-3 (Groundball, 34, EV 82.5 MPH)
|
|
Pitching: RHP Bill Padgett
|
|
|
Batting: RHB Dave Cordero
|
0-0: Ball 1-0: Ground out 6-3 (Groundball, 6, EV 85.0 MPH)
|
|
Batting: LHB Sean Trueblood
|
0-0: Ball 1-0: Fly out, F8 (Flyball, 78M, EV 78.8 MPH)
|
| Bottom of the 5th over - 0 runs, 0 hits, 0 errors, 0 left on base; Greensboro 2 - Fort Wayne 3 |
| TOP OF THE 6TH |
|
Greensboro Grasshoppers batting - Pitching for Fort Wayne TinCaps : RHP Josh Thorne
|
|
Pitching: RHP Adrian Dorsi
|
|
|
Batting: LHB Ryan Thompson
|
0-0: Called Strike 0-1: Ground out 6-3 (Groundball, 6M, EV 103.8 MPH)
|
|
Batting: RHB Larry LeFever
|
0-0: Ball 1-0: Ball 2-0: Foul Ball, location: 2F 2-1: Foul Ball, location: 2F 2-2: Strikes out swinging
|
|
Batting: LHB Justin Blakely
|
0-0: Called Strike 0-1: Foul Ball, location: 2F 0-2: Strikes out swinging
|
| Top of the 6th over - 0 runs, 0 hits, 0 errors, 0 left on base; Greensboro 2 - Fort Wayne 3 |
| BOTTOM OF THE 6TH |
|
Fort Wayne TinCaps batting - Pitching for Greensboro Grasshoppers : RHP Bill Padgett
|
|
Batting: SHB Cesar Arteaga
|
0-0: Called Strike 0-1: Foul Ball, location: 2F 0-2: Ball 1-2: Strikes out swinging
|
|
Batting: RHB Adrian Cook
|
0-0: Called Strike 0-1: Swinging Strike 0-2: Ball 1-2: Fly out, F8 (Flyball, 8RXD, EV 98.1 MPH)
|
|
Batting: LHB Ryan Anderson
|
0-0: Ball 1-0: Swinging Strike 1-1: Swinging Strike 1-2: Ball 2-2: Ball 3-2: Base on Balls
|
|
Batting: RHB Danny Gallegos
|
0-0: Ball 1-0: Ball 2-0: Foul Ball, location: 2F 2-1: Ball 3-1: Base on Balls Ryan Anderson to second
|
|
Batting: RHB Ricky Trejo
|
0-0: Foul Ball, location: 2F 0-1: SINGLE (Groundball, 4M, EV 103.8 MPH) Ryan Anderson to third Danny Gallegos to second Runner from 3rd tries for Home, SAFE, throw by CF to home
|
|
Batting: SHB Detlef Oursler
|
0-0: Called Strike 0-1: Ball 1-1: Ball 2-1: Called Strike 2-2: SINGLE (Flyball, 5D, EV 90.6 MPH) Danny Gallegos to third Ricky Trejo to second Runner from 3rd tries for Home, throw by LF and OUT! 7-2
|
| Bottom of the 6th over - 1 run, 2 hits, 0 errors, 2 left on base; Greensboro 2 - Fort Wayne 4 |
| TOP OF THE 7TH |
|
Greensboro Grasshoppers batting - Pitching for Fort Wayne TinCaps : RHP Adrian Dorsi
|
|
Batting: RHB J.D. Vander Klok
|
0-0: Called Strike 0-1: Ball 1-1: Ground out 5-3 (Groundball, 56, EV 97.5 MPH)
|
|
Batting: RHB Chris Alft
|
0-0: Called Strike 0-1: Ball 1-1: Called Strike 1-2: Strikes out swinging
|
|
Batting: LHB Jose Cabello
|
0-0: Ball 1-0: Ground out U3 (Groundball, 34, EV 82.5 MPH)
|
| Top of the 7th over - 0 runs, 0 hits, 0 errors, 0 left on base; Greensboro 2 - Fort Wayne 4 |
| BOTTOM OF THE 7TH |
|
Fort Wayne TinCaps batting - Pitching for Greensboro Grasshoppers : RHP Bill Padgett
|
|
Pitching: RHP Felix Moreno
|
|
|
Batting: LHB Tony Contreras
|
0-0: Ball 1-0: Ball 2-0: Ground out U3 (Groundball, 3, EV 101.9 MPH)
|
|
Batting: RHB Dave Cordero
|
0-0: Ground out 5-3 (Groundball, 56, EV 103.1 MPH)
|
|
Batting: LHB Sean Trueblood
|
0-0: Ball 1-0: Called Strike 1-1: Ball 2-1: Foul Ball, location: 2F 2-2: Ball 3-2: Base on Balls
|
|
Batting: SHB Cesar Arteaga
|
0-0: Fly out, F8 (Line Drive, 78M, EV 84.4 MPH)
|
| Bottom of the 7th over - 0 runs, 0 hits, 0 errors, 1 left on base; Greensboro 2 - Fort Wayne 4 |
| TOP OF THE 8TH |
|
Greensboro Grasshoppers batting - Pitching for Fort Wayne TinCaps : RHP Adrian Dorsi
|
|
Pitching: RHP Ching Ge
|
|
|
Batting: RHB Harrie de Kam
|
0-0: Ball 1-0: Called Strike 1-1: Called Strike 1-2: Ball 2-2: Strikes out swinging, 2-3 out at first.
|
|
Batting: RHB Rafael Irizarry
|
0-0: Called Strike 0-1: Ball 1-1: Foul Ball, location: 2F 1-2: Ball 2-2: Strikes out swinging
|
|
Batting: RHB Nate Crofts
|
0-0: Called Strike 0-1: Foul Ball, location: 2F 0-2: Strikes out looking
|
| Top of the 8th over - 0 runs, 0 hits, 0 errors, 0 left on base; Greensboro 2 - Fort Wayne 4 |
| BOTTOM OF THE 8TH |
|
Fort Wayne TinCaps batting - Pitching for Greensboro Grasshoppers : RHP Felix Moreno
|
|
Batting: RHB Adrian Cook
|
0-0: Ball 1-0: Fly out, F7 (Flyball, 78M, EV 90.6 MPH)
|
|
Batting: LHB Ryan Anderson
|
0-0: Foul Ball, location: 2F 0-1: Foul Ball, location: 2F 0-2: Strikes out swinging
|
|
Batting: RHB Danny Gallegos
|
0-0: Swinging Strike 0-1: Ball 1-1: Ball 2-1: Called Strike 2-2: Strikes out swinging
|
| Bottom of the 8th over - 0 runs, 0 hits, 0 errors, 0 left on base; Greensboro 2 - Fort Wayne 4 |
| TOP OF THE 9TH |
|
Greensboro Grasshoppers batting - Pitching for Fort Wayne TinCaps : RHP Ching Ge
|
|
Pitching: LHP Ismael Diaz
|
|
|
Now at 1B: Marcus Dawson
|
|
|
Batting: LHB Ryan Thompson
|
0-0: Called Strike 0-1: Foul Ball, location: 2F 0-2: Ball 1-2: Strikes out swinging
|
|
Batting: RHB Larry LeFever
|
0-0: Swinging Strike 0-1: Foul Ball, location: 2F 0-2: Strikes out swinging
|
|
Batting: LHB Justin Blakely
|
0-0: Called Strike 0-1: Swinging Strike 0-2: Strikes out swinging
|
| Top of the 9th over - 0 runs, 0 hits, 0 errors, 0 left on base; Greensboro 2 - Fort Wayne 4 |
|